 Dungeon Crawl Stone Soup version 0.30.1-9-gdf580d7c3d (webtiles) character file.

Game seed: 18356371594631434277

74 Chiseanne the Ducker (level 4, 34/34 HPs)
             Began as a Demonspawn Wanderer on Oct 7, 2023.
             Quit the game on level 2 of the Dungeon.
             The game lasted 00:02:08 (1082 turns).

Chiseanne the Ducker (Demonspawn Wanderer)          Turns: 1082, Time: 00:02:09

Health: 34/34      AC: 10    Str: 15    XL:     4   Next: 10%
Magic:  4/4        EV: 13    Int: 10    God:
Gold:   61         SH:  4    Dex: 15    Spells: 3/3 levels left

rFire   . . .        a - +0 spear (flame)
rCold   . . .        (no shield)
rNeg    . . .        b - +2 leather armour
rPois   .            (no helmet)
rElec   .            (no cloak)
rCorr   +            e - +0 pair of gloves
SInv    .            (no boots)
Will    +....        (no amulet)
Stlth   +            j - ring of willpower
HPRegen 0.25/turn    t - ring of resist corrosion
MPRegen 0.09/turn

%: no passive effects
@: no status effects
A: icemail 1, condensation shield, demonic touch 1
a: no special abilities


You were on level 2 of the Dungeon.
You visited 1 branch of the dungeon, and saw 2 of its levels.

You collected 61 gold pieces.

Inventory:

Hand Weapons
 a - a +0 spear of flaming (weapon)
Missiles
 i - 11 stones (quivered)
 m - 9 boomerangs
Armour
 b - a +2 leather armour (worn)
 e - a +0 pair of gloves (worn)
Jewellery
 j - a ring of willpower (left hand)
 t - a ring of resist corrosion (right hand)
 v - a ring of wizardry
Scrolls
 c - 2 scrolls of fog
 d - a scroll of blinking
 g - a scroll of immolation
 n - a scroll of identify
 o - 2 scrolls of vulnerability {unknown}
 r - a scroll of enchant weapon {unknown}
Potions
 f - 2 potions of flight
 h - a potion of invisibility {unknown}
 k - 2 potions of might {unknown}
 l - a potion of ambrosia {unknown}
 p - a potion of lignification {unknown}
 q - a potion of degeneration {unknown}
 s - a potion of attraction {unknown}
 u - a potion of heal wounds {unknown}


   Skills:
 * Level 2.3 Fighting
 - Level 1.7 Polearms
 * Level 2.1 Armour
 * Level 5.0 Dodging
 - Level 1.2 Invocations


You had 3 spell levels left.
You didn't know any spells.
Your spell library contained the following spells:

 Spells                   Type           Power      Damage    Failure   Level
 Volatile Blastmotes      Fire/Tloc      0%         2d10      80%         3
 Fulminant Prism          Conj/Hex       0%         3d5       99%         4
 Iskenderun's Mystic Bla  Conj/Tloc      0%         2d3       99%         4
 Lee's Rapid Deconstruct  Erth           0%         3d4*      100%        5


Dungeon Overview and Level Annotations

Branches:
Dungeon (2/15)

Altars:

Shops:
D:1 *   D:2 ?


Innate Abilities, Weirdness & Mutations

A meltable icy envelope protects you from harm. (AC +4)
A meltable shield of frost defends you. (SH +4)
Your touch may inflict minor irresistible damage on your foes.


Message History

No target in view!
No target in view!
No target in view!
No target in view!
No target in view!
No target in view!
u - a sapphire potion You open the door.
There is an open door here.
An adder comes into view.
You reach to attack!
The helpless adder fails to defend itself.
You hit the adder. You burn the adder.
The adder is severely wounded.
The adder bites you but does no damage.
You closely miss the adder.
The adder is severely wounded.
The adder bites you.
You are poisoned.
The adder poisons you!
You hit the adder. You burn the adder.
The adder is almost dead.
You feel sick. You block the adder's attack.
You closely miss the adder.
The adder is almost dead.
You feel sick. You block the adder's attack.
The adder bites you but does no damage.
You hit the adder. You burn the adder.
You kill the adder!
You feel sick.
You have reached level 4!
You feel stronger.
Your demonic ancestry asserts itself...
Your hands begin to faintly glow with unholy energy.
You feel sick.
You are no longer poisoned.
v - a ring of wizardry You now have enough gold to buy a scroll of amnesia on this level, or buy a scroll of fear on this level.
You can access your shopping list by pressing '$'.
You now have 61 gold pieces (gained 16).
Are you sure you want to abandon this character and quit the game? (Confirm with "yes".)

####
.......##.##.#
#.#####.....#.#
#.............#
#######.#######
#.#### #....#
####.#
#.#########
#..@......#
#########.#


There were no monsters in sight!

Vanquished Creatures
  A gnoll (D:1)
  3 adders (D:2)
  A worm (D:2)
  3 dart slugs
  5 ball pythons
  An endoplasm (D:1)
  4 goblins
  2 hobgoblins (D:1)
  A quokka (D:2)
  A bat (D:1)
  2 frilled lizards
  2 kobolds
  8 rats
34 creatures vanquished.

Notes
Turn   | Place    | Note
-------+----------+-------------------------------------------
     0 | D:1      | Chiseanne the Demonspawn Wanderer began the quest for the
                  | Orb.
     0 | D:1      | Chiseanne set off with the following items: a +0 spear, a
                  | +2 leather armour, a scroll of fog, a scroll of blinking.
     0 | D:1      | Reached XP level 1. HP: 15/15 MP: 1/1
    80 | D:1      | Found Ymeme's General Store.
   124 | D:1      | Gained mutation: A meltable shield of frost defends you.
                  | (SH +4) [demonic ancestry]
   124 | D:1      | Reached XP level 2. HP: 18/21 MP: 2/2
   577 | D:1      | Gained mutation: A meltable icy envelope protects you from
                  | harm. (AC +4) [demonic ancestry]
   577 | D:1      | Reached XP level 3. HP: 4/27 MP: 3/3
   822 | D:2      | Found Bousudia's Magic Scroll Boutique.
   951 | D:2      | Reached skill level 5 in Dodging
  1039 | D:2      | Gained mutation: Your touch may inflict minor irresistible
                  | damage on your foes. [demonic ancestry]
  1039 | D:2      | Reached XP level 4. HP: 29/34 MP: 4/4
  1082 | D:2      | Quit the game

Illustrated notes

Levels and vault maps discovered:
D:1:      psy_arrival_basics, layout_basic, serial_shops, nicolae_shop_trees,
          serial_rivers, chequers_serial_rivers_micro_b,
          chequers_serial_rivers_room_b, chequers_serial_rivers_micro_c,
          chequers_serial_rivers_room_b, supply_closet_lemuel
D:2:      layout_basic, serial_shops, shop

Skill      XL: |  1  2  3 |
---------------+----------+-----
Fighting       | 2 |  2.3
Armour         | 2 |  2.1
Dodging        | 5 |  5.0
Polearms       | |  1.7
Invocations    | |  1.2

Action                     |  1- 3 |  4- 6 || total
---------------------------+-------+-------++-------
  Melee: Spear             |   118 |       ||   118
         Punch             |     1 |       ||     1
    Use: Scroll            |     3 |       ||     3
   Stab: Sleeping          |     2 |       ||     2
 Armour: Leather armour    |    15 |       ||    15
  Dodge: Dodged            |    50 |       ||    50
  Block: Other             |    12 |       ||    12
